 Dungeon Sprint DCSS version 0.20-a0-1122-gb7cbeb9 (webtiles) character file.

3595 Dipster the Brawler (level 9, -4/80 HPs)
             Began as a Troll Fighter on May 11, 2017.
             Was a Priest of Makhleb.
             Slain by a sixfirhy (12 damage)
             ... summoned by an orc sorcerer
             ... in the Dungeon (Sprint III: "The Ten Rune Challenge").
             The game lasted 00:03:59 (776 turns).

Dipster the Brawler (Troll Fighter)                  Turns: 776, Time: 00:04:00

Health: -4/80      AC: 10    Str: 27    XL:     9   Next: 85%
Magic:  8/8        EV: 10    Int:  4    God:    Makhleb [***...]
Gold:   20         SH: 12    Dex: 11    Spells: 8/8 levels left

rFire    . . .     SeeInvis .     - Unarmed
rCold    . . .     Gourm    +   b - +0 shield
rNeg     . . .     Faith    .   w - +2 troll leather armour {Snorg}
rPois    .         Spirit   .   (helmet restricted)
rElec    .         Reflect  .   l - +0 cloak (curse)
rCorr    .         Harm     .   (gloves unavailable)
MR       .....     NoTele   +   (boots unavailable)
Stlth    +.........             (no amulet)
Regen    1.1/turn               (no ring)
MPRegen  0.2/turn               (no ring)

@: slowed, very slow
A: unfitting armour, claws 3, fast metabolism 3, gourmand, regeneration 1,
shaggy fur 1, tough skin 2
a: Minor Destruction, Lesser Servant of Makhleb, Renounce Religion


You were in the Dungeon.
You worshipped Makhleb.
Makhleb was most pleased with you.
You were very full.

You visited 1 branch You collected 20 gold pieces.

Inventory:

Hand Weapons
 f - a +3 quarterstaff of chaos
Armour
 a - a +0 robe
 b - a +0 shield (worn)
 l - a cursed +0 cloak (worn)
 w - a +2 troll leather armour (worn) {Snorg}
Wands
 u - a wand of acid (1/15)
Scrolls
 j - a scroll of blinking
 m - a scroll of immolation {unknown}
 n - a scroll of identify {unknown}
 o - 2 scrolls of remove curse {unknown}
 q - a scroll of torment {unknown}
 r - a scroll of recharging {unknown}
Potions
 c - a potion of might
 g - a potion of haste
 h - 2 potions of magic
 p - 3 potions of flight
 t - 5 potions of mutation
Miscellaneous
 v - a phantom mirror
Comestibles
 d - 3 bread rations
 k - 3 royal jellies
 s - a meat ration
 x - 2 chunks of flesh


   Skills:
 - Level 2.4 Fighting
 - Level 2.4 Dodging
 + Level 11.4 Shields
 * Level 17.6 Unarmed Combat


You had 8 spell levels left.
You didn't know any spells.

Dungeon Overview and Level Annotations

Branches:
Dungeon (1/1)

Altars:
Cheibriados
Dithmenos
Fedhas
Gozag
Hepliaklqana
Makhleb
Nemelex Xobeh
Qazlal
Ru
Xom
Yredelemnul
Jiyva
Lugonu


Innate Abilities, Weirdness & Mutations

You are too large for most types of armour.
You have claws for hands.
Your metabolism is lightning-fast.
You like to eat raw meat.
Your natural rate of healing is unusually fast.
You are covered in fur. (AC +1)
You have very tough skin. (AC +2)


Message History

Evoking this partially-identified wand wasted a few charges.
The chaos spawn degenerates into a cloud of primal chaos!
Evoke which item? (* to show all) (? for menu, Esc to quit)
Aiming: Corrosive Bolt (will waste charges)
Press: ? - help, Shift-Dir - straight line, f - orc sorcerer, p - sixfirhy
Aim: an orc sorcerer, wielding a dagger of speed and wearing a robe (heavily wounded, covered in acid)
The bolt of acid hits the sixfirhy.
The sixfirhy is splashed with acid.
The acid corrodes the sixfirhy!
The sixfirhy is almost dead.
The bolt of acid hits the orc sorcerer.
The orc sorcerer is splashed with acid.
The acid corrodes the orc sorcerer!
The orc sorcerer is severely wounded.
The bolt of acid hits the sixfirhy.
The sixfirhy is splashed with acid.
The acid corrodes the sixfirhy!
The sixfirhy is heavily wounded.
Evoking this partially-identified wand wasted a few charges.
You block the sixfirhy's attack. The sixfirhy hits you.
* * * LOW HITPOINT WARNING * * *
The sixfirhy shocks you!
You die...

♣.# #### ♣.# #__#$#$ ♣♣.# #._#l§
♣..###+#+###)##o4
♣♣♣.#..........#o$
..♣.'.⌠........#3#
≈♣..#...######'#o#
....#.⌠.#__#...#3###############
....#...#__#...#@§§§§'.#)'...+.#
....#+###__#...#§#§≈§#§#)#...##.#
....# #__#..)))#§§.#.#(#...# #.
....# #__'...#(#§§§#...#...# #
▓▓▓▓▓ ▓▓▓▓▓▓▓▓▓▓▓▓▓▓▓▓▓▓▓▓▓#


You could see an orc high priest, a hellwing, 2 sixfirhies, an orc sorcerer, an
orc and a leopard gecko.

Vanquished Creatures
  Snorg (D)
  A centaur warrior (D)
  An orc knight (D)
  2 orc sorcerers (D)
  A shadow (D)
  A spatial vortex (D)
  An orc warrior (D)
  A necrophage (D)
  2 centaurs (D)
  An earth elemental (D)
  A water elemental (D)
  Crazy Yiuf (D)
  A jelly (D)
  A necromancer (D)
  4 orc wizards (D)
  A human (D)
  2 oozes (D)
  2 rats (D)
25 creatures vanquished.

Vanquished Creatures (others)
  2 draconian scorchers (D)
  6 hellions (D)
  A yaktaur (D)
  5 plants (D)
14 creatures vanquished.

Grand Total: 39 creatures vanquished

Notes
Turn   | Place    | Note
-------+----------+-------------------------------------------
     0 | D        | Dipster the Troll Fighter began the quest for the Orb.
     0 | D        | Reached XP level 1. HP: 22/22 MP: 0/0
     6 | D        | Reached skill level 3 in Unarmed Combat
    14 | D        | Reached XP level 2. HP: 24/29 MP: 1/1
    34 | D        | Reached skill level 4 in Unarmed Combat
    76 | D        | Reached skill level 5 in Unarmed Combat
    76 | D        | Reached XP level 3. HP: 25/36 MP: 2/2
    88 | D        | Killed a hellion
    88 | D        | Killed a hellion
   103 | D        | Noticed Crazy Yiuf
   112 | D        | Killed a hellion
   124 | D        | Killed Crazy Yiuf
   124 | D        | Reached skill level 6 in Unarmed Combat
   125 | D        | Killed a hellion
   137 | D        | Killed a hellion
   149 | D        | Killed a hellion
   163 | D        | Killed a white draconian scorcher
   204 | D        | Noticed a water elemental
   210 | D        | Killed a water elemental
   210 | D        | Reached skill level 5 in Shields
   210 | D        | Reached skill level 7 in Unarmed Combat
   210 | D        | Reached XP level 4. HP: 9/44 MP: 3/3
   217 | D        | Killed a yaktaur
   251 | D        | Killed a white draconian scorcher
   287 | D        | Found a basalt altar of Yredelemnul.
   287 | D        | Found a shadowy altar of Dithmenos.
   287 | D        | Found a sacrificial altar of Ru.
   287 | D        | Noticed a necrophage
   292 | D        | Killed a necrophage
   292 | D        | Reached skill level 9 in Unarmed Combat
   292 | D        | Reached XP level 5. HP: 47/50 MP: 4/4
   304 | D        | Noticed a shadow
   309 | D        | Killed a shadow
   309 | D        | Reached skill level 11 in Unarmed Combat
   309 | D        | Reached XP level 6. HP: 56/59 MP: 5/5
   323 | D        | Found a blossoming altar of Fedhas.
   323 | D        | Found a stormy altar of Qazlal.
   323 | D        | Found a snail-covered altar of Cheibriados.
   323 | D        | Found a burning altar of Makhleb.
   323 | D        | Found a shimmering altar of Xom.
   324 | D        | Found a hazy altar of Hepliaklqana.
   324 | D        | Found an opulent altar of Gozag.
   324 | D        | Found a sparkling altar of Nemelex Xobeh.
   324 | D        | Found a corrupted altar of Lugonu.
   324 | D        | Found a viscous altar of Jiyva.
   324 | D        | Noticed a spatial vortex
   328 | D        | Became a worshipper of Makhleb the Destroyer
   459 | D        | Killed a spatial vortex
   459 | D        | Reached skill level 12 in Unarmed Combat
   459 | D        | Reached XP level 7. HP: 66/66 MP: 6/6
   466 | D        | Noticed Snorg
   479 | D        | Killed Snorg
   479 | D        | Reached skill level 14 in Unarmed Combat
   479 | D        | Reached XP level 8. HP: 15/74 MP: 7/7
   562 | D        | Reached * piety under Makhleb
   571 | D        | Noticed a centaur warrior
   581 | D        | Killed a centaur warrior
   581 | D        | Reached skill level 10 in Shields
   581 | D        | Reached skill level 15 in Unarmed Combat
   581 | D        | Reached XP level 9. HP: 80/80 MP: 8/8
   590 | D        | Reached ** piety under Makhleb
   590 | D        | Reached skill level 16 in Unarmed Combat
   726 | D        | Noticed an orc knight
   738 | D        | Killed an orc knight
   744 | D        | Noticed an orc sorcerer
   746 | D        | Noticed an orange demon
   746 | D        | Reached *** piety under Makhleb
   748 | D        | Noticed a hellwing
   749 | D        | Noticed an orc sorcerer
   749 | D        | Noticed an orc sorcerer
   749 | D        | Noticed an orc high priest
   754 | D        | Noticed an orange demon
   756 | D        | Noticed a sixfirhy
   763 | D        | Noticed a sun demon
   764 | D        | Killed an orc sorcerer
   764 | D        | Reached skill level 17 in Unarmed Combat
   767 | D        | Killed an orc sorcerer
   770 | D        | Noticed a sixfirhy
   773 | D        | Noticed a hellwing
   776 | D        | Slain by a sixfirhy

Vault maps used:
D:        dungeon_sprint_mu

Skill      XL: |  1  2  3  4  5  6  7  8  9 |
---------------+----------------------------+-----
Unarmed Combat | 3 5 7 9 11 12 14 15 17 | 17.6
Shields        | 3 5 6 7 9 10 11 | 11.4
Fighting       | |  2.4
Dodging        | |  2.4

Action                   |  1- 3 |  4- 6 |  7- 9 || total
-------------------------+-------+-------+-------++-------
Melee: Unarmed           |    46 |    22 |    74 ||   142
Evoke: Wand              |       |       |     2 ||     2
  Use: Potion            |     1 |       |     2 ||     3
 Stab: Sleeping          |     1 |       |       ||     1
  Eat: Chunk             |     2 |     3 |     7 ||    12
Armor: Robe              |     9 |     2 |     1 ||    12
       Troll leather arm |       |       |    19 ||    19
Dodge: Dodged            |     5 |     2 |    25 ||    32
Block: Shield            |    18 |     2 |    47 ||    67
